AoeStats
← SERÁ U BAGUALL

Arabia

503271774Analyzed
4v4 RM · 1mo ago on Aug 30, 2026· 38m 41s· 8 players
Game mode
Random Map
Map size
Large (8 player)
Population
200
Speed
Normal
Resources
Standard
Victory
Conquest
Starting age
Dark Age
Ending age
Imperial Age
RankedLock teamsTeams togetherTeam positionsShared explorationLock speedFull tech treeHidden civsTurbo modeCheats
Victory
Defeat
🇧🇷 Bohemians · Brazil
1341
+10
🇧🇷 Britons · Brazil
1238
+14
🇧🇷 Persians · Brazil
1172
+17
🇧🇷 Lithuanians · Brazil
1150
+18
🇲🇽 Mongols · Mexico
1303
-20
🇨🇴 Sicilians · Colombia
1259
-18
🇲🇽 Persians · Mexico
1160
-13
🇲🇽 Britons · Mexico
1092
-10
[GDL]Cemento
5:04 Loom
21:40 Feudal Age
26:10 Fletching
Shaka GNU/Linux
5:18 Loom
8:11 Feudal Age
10:24 Double-Bit Axe
21:33 Castle Age
20:24 Bloodlines
21:17 Scale Barding Armor
27:24 Chain Barding Armor
27:15 Forging
28:18 Fervor
33:55 Fletching
34:09 Padded Archer Armor
35:58 Wheelbarrow
35:08 Town Watch
ElMasterLoncho
9:01 Feudal Age
9:00 Loom
11:46 Double-Bit Axe
15:19 Padded Archer Armor
21:29 Fletching
22:16 Horse Collar
30:29 Castle Age
30:35 Elite Skirmisher
32:54 Wheelbarrow
32:48 Bodkin Arrow
33:15 Leather Archer Armor
33:37 Bodkin Arrow
BLACK_ROGER
6:10 Loom
8:46 Feudal Age
9:22 Double-Bit Axe
14:33 Scale Barding Armor
14:44 Forging
18:42 Scale Barding Armor
21:57 Bloodlines
28:44 Castle Age
27:08 Horse Collar
27:46 Gold Mining
29:48 Heavy Plow
31:44 Iron Casting
33:27 Husbandry
35:45 Chain Barding Armor
Ezeky
9:37 Feudal Age
8:02 Loom
9:48 Feudal Age
18:24 Horse Collar
24:38 Castle Age
23:12 Double-Bit Axe
23:43 Bloodlines
27:43 Scale Barding Armor
27:49 Forging
28:11 Gold Mining
31:18 Iron Casting
31:54 Wheelbarrow
34:47 Chain Barding Armor
37:45 Heavy Plow
38:30 Husbandry
SERÁ U BAGUALL
6:59 Loom
9:38 Feudal Age
10:22 Double-Bit Axe
10:19 Horse Collar
18:58 Forging
21:39 Wheelbarrow
24:36 Castle Age
22:54 Bloodlines
22:43 Gold Mining
24:09 Scale Barding Armor
24:47 Light Cavalry
26:13 Husbandry
27:59 Bow Saw
29:51 Chain Barding Armor
31:41 Iron Casting
37:21 Hand Cart
37:34 Town Watch
TIRA-ONDA
6:12 Loom
8:49 Feudal Age
14:40 Fletching
18:06 Double-Bit Axe
27:03 Castle Age
24:49 Horse Collar
26:41 Padded Archer Armor
27:56 Bow Saw
27:09 Crossbowman
28:00 Bodkin Arrow
32:05 Wheelbarrow
31:54 Fervor
32:43 Ballistics
34:25 Chemistry
33:54 Leather Archer Armor
34:38 Masonry
36:31 Hand Cart
37:02 Heavy Plow
36:49 Town Watch
MAMA YAGA
7:09 Loom
17:11 Feudal Age
33:48 Double-Bit Axe
35:17 Horse Collar
39:23 Wheelbarrow
Connection lost

Rejoining the realm…

Still unreachable

The connection could not be restored.

Session expired

The server has moved on; the page needs a fresh start.